Map: [ESL] Dragon Scales

Players

DRG - Winner!

  • Race: Zerg Zerg
  • Spawn Location: 11:00

NightPhoenix

  • Race: Protoss Protoss
  • Spawn Location: 5:00

Event: ESL SC2 Masters 2023 Summer (Finals)

VOD

Have the link to the VOD?

Description

Time

  • Played on: June 16, 2023, 6:42 a.m.
  • Length: 8:02

All games in this series

Show
View Real Time Build Order
Export as new Build Order

DRG Zerg - Winner!

Build Orders: Hatch First 

Get SALT Encoding   

  12  0:00  Drone  
  13  0:07  Drone  
  14  0:16  Overlord  
  14  0:41  Hatchery  
  13  0:44  Drone  
  13  0:48  Drone  
  15  0:51  Drone  
  15  0:56  Drone  
  17  1:06  Drone  
  17  1:10  Extractor  
  17  1:16  Spawning Pool  
  16  1:20  Drone  
  17  1:27  Drone  
  18  1:38  Drone  
  19  1:49  Drone  
  19  1:53  Drone  
  21  2:00  Overlord  
  21  2:02  Queen  
  21  2:03  Queen  
  21  2:04  Zergling x2  
  26  2:11  Zergling x2  
  26  2:14  Drone  
  28  2:19  Metabolic Boost  
  28  2:21  Drone  
  29  2:25  Drone  
  30  2:32  Drone  
  31  2:39  Drone  
  32  2:45  Hatchery  
  32  2:48  Queen  
  33  2:52  Overlord  
  33  2:57  Zergling x4  
  35  3:00  Drone  
  36  3:07  Overlord  
  36  3:12  Drone x4  
  40  3:18  Queen  
  42  3:22  Drone  
  42  3:24  Drone  
  44  3:28  Queen  
  44  3:33  Drone x2  
  48  3:40  Overlord  
  48  3:44  Drone x2  
  48  3:45  Drone  
  48  3:47  Drone  
  52  3:51  Overlord  
  52  3:57  Queen  
  52  3:58  Queen  
  52  4:00  Drone  
  52  4:02  Spore Crawler  
  54  4:10  Evolution Chamber  
  54  4:12  Drone x4  
  54  4:15  Drone  
  54  4:16  Drone  
  59  4:19  Drone  
  59  4:21  Spore Crawler  
  60  4:24  Drone  
  60  4:25  Spore Crawler  
  60  4:27  Drone  
  61  4:31  Overlord  
  61  4:33  Drone  
  61  4:37  Zerg Melee Weapons Level 1  
  62  4:40  Drone x5  
  62  4:44  Overlord  
  67  4:46  Drone  
  67  4:47  Drone  
  67  4:52  Drone x3  
  70  4:59  Drone  
  69  5:06  Drone x3  
  69  5:07  Drone  
  73  5:10  Drone x2, Hatchery  
  73  5:12  Drone  
  75  5:15  Drone  
  75  5:18  Lair  
  76  5:22  Roach Warren  
  76  5:23  Extractor  
  76  5:24  Extractor x2  
  76  5:26  Zergling x10  
  77  5:32  Drone x4  
  81  5:36  Overlord x2  
  79  5:47  Overlord  
  79  5:49  Drone x2  
  81  5:52  Spore Crawler  
  81  5:53  Drone  
  81  5:54  Overlord  
  81  5:55  Overlord  
  81  6:01  Drone x3  
  81  6:02  Zergling x6  
  87  6:06  Zergling x10  
  87  6:11  Overlord  
  92  6:12  Overlord  
  92  6:15  Roach x4, Glial Reconstitution  
  100  6:18  Zergling x6  
  100  6:23  Roach  
  100  6:24  Queen  
  107  6:28  Zergling x6  
  110  6:33  Overlord x2  
  110  6:34  Zergling x4  
  110  6:38  Ravager x3  
  110  6:39  Zergling x8  
  119  6:44  Zergling x8  
  119  6:46  Zergling x4  
  122  6:47  Ravager  
  122  6:52  Zergling x4  
  122  6:55  Overlord  
  122  6:57  Ravager  
  122  6:59  Zergling x8  
  127  7:05  Roach  
  127  7:06  Roach x4  
  127  7:08  Zergling x6  
  127  7:11  Zergling x4  
  129  7:16  Roach x4  
  129  7:18  Overlord  
  129  7:22  Zergling x2  
  129  7:30  Zergling x16  
  129  7:34  Overlord  
  136  7:37  Roach x5  
Show
View Real Time Build Order
Export as new Build Order

NightPhoenix Protoss 

Build Orders: 1 Gate Expand, Oracle Opening 

Get SALT Encoding   

  12  0:00  Probe  
  13  0:12  Probe  
  14  0:20  Pylon  
  14  0:24  Probe  
  15  0:38  Probe (Chrono Boost)  
  15  0:42  Gateway  
  17  0:50  Probe (Chrono Boost), Assimilator  
  17  0:55  Probe (Chrono Boost)  
  18  1:05  Probe  
  19  1:17  Probe  
  20  1:27  Nexus  
  20  1:37  Cybernetics Core  
  20  1:39  Probe  
  21  1:48  Assimilator  
  21  1:51  Probe  
  22  1:55  Pylon  
  22  2:04  Probe  
  23  2:11  Adept (Chrono Boost)  
  25  2:17  Probe  
  25  2:19  Stargate  
  26  2:27  Warp Gate  
  26  2:29  Probe  
  27  2:31  Adept (Chrono Boost)  
  29  2:39  Pylon  
  28  2:44  Probe (Chrono Boost)  
  28  2:50  Probe (Chrono Boost)  
  30  2:54  Probe (Chrono Boost), Stalker  
  30  2:58  Probe (Chrono Boost)  
  34  2:59  Probe (Chrono Boost)  
  35  3:08  Probe  
  35  3:09  Oracle (Chrono Boost)  
  35  3:12  Probe  
  40  3:21  Probe, Pylon  
  40  3:24  Probe  
  42  3:28  Gateway  
  42  3:33  Probe  
  43  3:36  Probe  
  43  3:41  Oracle (Chrono Boost)  
  44  3:45  Probe  
  48  3:48  Probe  
  49  3:57  Nexus  
  49  4:06  Oracle (Chrono Boost)  
  49  4:07  Probe  
  53  4:19  Probe  
  53  4:23  Pylon  
  54  4:24  Assimilator x2  
  54  4:30  Pylon  
  54  4:32  Twilight Council  
  54  4:39  Shield Battery  
  54  4:41  Probe x2  
  54  4:43  Pylon  
  56  4:53  Probe x2  
  58  5:02  Blink (Chrono Boost)  
  58  5:03  Stalker x2  
  58  5:05  Probe x2  
  64  5:11  Probe, Gateway  
  64  5:13  Gateway  
  65  5:17  Probe x2  
  67  5:23  Probe  
  67  5:26  Gateway  
  67  5:27  Gateway  
  68  5:33  Stalker x2  
  68  5:34  Probe  
  73  5:36  Probe  
  74  5:47  Pylon  
  74  5:49  Probe x3  
  77  5:52  Gateway  
  77  5:57  Stalker  
  77  5:58  Stalker  
  77  6:01  Probe x2  
  83  6:05  Gateway  
  83  6:07  Probe  
  83  6:10  Stalker  
  86  6:13  Probe x2  
  86  6:15  Adept  
  90  6:21  Pylon  
  90  6:22  Stalker x2  
  94  6:27  Pylon  
  94  6:29  Stalker  
  94  6:30  Pylon  
  96  6:41  Stalker x3  
  98  6:48  Stalker x3  
  102  6:56  Stalker  
  102  6:59  Probe x2  
  86  7:08  Stalker  
  86  7:09  Stalker  
  86  7:12  Probe x3, Stalker  
  95  7:18  Stalker  
  95  7:20  Stalker  
  95  7:22  Zealot  
  101  7:24  Zealot  
  97  7:31  Zealot  
  97  7:36  Stalker  
  98  7:42  Sentry x2  
  102  7:46  Adept  
  102  7:47  Adept  
  102  7:49  Stalker x2  
  107  7:57  Stalker  
Tags
 
Add a new tag
Caveats
  • Supply blocks, unpowered buildings, or Contaminate may cause inaccurate times.
  • Supply counts are checked every 10 seconds.